 Dungeon Crawl Stone Soup version 0.26.1-11-gd32895ea62 (webtiles) character file.

Game seed: 11875546213646347512

170 dtburroughs the Skirmisher (level 5, 0/70 HPs)
             Began as a Minotaur Berserker on July 16, 2021.
             Was a Believer of Trog.
             Slain by an orc wizard
             ... wielding a +0 dagger
              (6 damage)
             ... on level 3 of the Dungeon.
             The game lasted 00:03:36 (2928 turns).

dtburroughs the Skirmisher (Minotaur Berserker)     Turns: 2928, Time: 00:03:36

Health: 0/70       AC:  2    Str: 22    XL:     5   Next: 26%
Magic:  4/4        EV: 13    Int:  5    God:    Trog [**....]
Gold:   192        SH:  0    Dex:  9    Spells: 4/4 levels left

rFire    . . .     SeeInvis .   a - +0 hand axe
rCold    . . .     Faith    .   (no shield)
rNeg     . . .     Spirit   .   b - +0 animal skin
rPois    .         Reflect  .   (helmet restricted)
rElec    .         Harm     .   (no cloak)
rCorr    .         Rampage  .   (no gloves)
Will     ++...                  (no boots)
Stlth    ..........             (no amulet)
HPRegen  1.21/turn              (no ring)
MPRegen  0.09/turn              (no ring)

@: berserking, regenerating (expiring), very quick
A: retaliatory headbutt, horns 2
a: Renounce Religion, Berserk, Trog's Hand


You were on level 3 of the Dungeon.
You worshipped Trog.
Trog was pleased with you.
You visited 1 branch of the dungeon, and saw 3 of its levels.

You collected 192 gold pieces.

Inventory:

Hand Weapons
 a - a +0 hand axe (weapon)
Armour
 b - a +0 animal skin (worn)
 e - a +1 cloak
 o - a +0 chain mail
Jewellery
 d - a +4 ring of protection {unknown}
 g - an uncursed ring of protection from fire {unknown}
 k - a +6 ring of dexterity
Scrolls
 f - 3 scrolls of amnesia {unknown}
 h - a scroll of random uselessness {unknown}
 j - a scroll of fog {unknown}
 l - a scroll of enchant weapon {unknown}
 m - 2 scrolls of remove curse {unknown}
 n - a scroll of teleportation {unknown}
 p - 2 scrolls of noise {unknown}
 r - a scroll of identify {unknown}
Potions
 c - a potion of curing {unknown}
 i - a potion of ambrosia {unknown}
 q - 2 potions of heal wounds {unknown}
 s - a potion of brilliance {unknown}


   Skills:
 + Level 4.8 Fighting
 + Level 4.7 Axes
 + Level 3.9 Armour
 + Level 3.5 Dodging


You had 4 spell levels left.
You didn't know any spells.
Your spell library was empty.

Dungeon Overview and Level Annotations

Branches:
Dungeon (3/15)

Altars:
Dithmenos
Fedhas
Kikubaaqudgha
Trog
Vehumet
Wu Jian


Innate Abilities, Weirdness & Mutations

You reflexively headbutt those who attack you in melee.
You have a pair of horns on your head.


Message History

* * * LOW HITPOINT WARNING * * *
The orc hits you with a +0 mace!
* * * LOW HITPOINT WARNING * * *
Something hits you but does no damage.
A red film seems to cover your vision as you go berserk!
You feel yourself moving faster!
You feel mighty! Something hits you.
* * * LOW HITPOINT WARNING * * *
The orc barely misses you.
You hit the orc but do no damage.
The orc is moderately wounded.
You barely miss something.
You hear a shout!
Something hits you.
* * * LOW HITPOINT WARNING * * *
The orc closely misses you.
You slash the orc!
You kill the orc!
Trog accepts your kill.
You miss something. Something hits you.
You die...

#.....# #########
#.....# ........#
#.....# ........#
#.....# ####
........###.....# #...
....(...........# #...
#######.........# #...
######......#### #...
#...)@......# #...
#####.####).....# #...
#...#...........# #...
#.o...#....)..#####
####
#oo##.#...........#
### ......
.#...)....##.# #..
##og#..#.#..^........#
#.# #.....#
#.......##..# #.#
...###.# #....(..##..#
#.#


There were no monsters in sight!

Vanquished Creatures
  Jessica (D:2)
  5 adders
  An ooze (D:2)
  A worm (D:3)
  A dart slug (D:1)
  4 leopard geckos
  11 orcs (D:3)
  4 bats
  A giant cockroach (D:2)
  7 goblins
  12 hobgoblins
  8 jackals
  A quokka (D:2)
  A frilled lizard (D:2)
  7 kobolds
  7 rats
72 creatures vanquished.

Vanquished Creatures (others)
  2 plants (D:2)
  4 withered plants (D:2)
6 creatures vanquished.

Grand Total: 78 creatures vanquished

Notes
Turn   | Place    | Note
-------+----------+-------------------------------------------
     0 | D:1      | dtburroughs the Minotaur Berserker began the quest for the
                  | Orb.
     0 | D:1      | Reached XP level 1. HP: 19/19 MP: 0/0
   134 | D:1      | Reached XP level 2. HP: 17/27 MP: 1/1
   516 | D:1      | Reached XP level 3. HP: 33/33 MP: 2/2
   928 | D:2      | Reached ** piety under Trog
  1290 | D:2      | Noticed Jessica
  1295 | D:2      | Killed Jessica
  1296 | D:2      | Reached XP level 4. HP: 28/41 MP: 3/3
  1544 | D:2      | Found a blossoming altar of Fedhas.
  1547 | D:2      | Found an ancient bone altar of Kikubaaqudgha.
  1979 | D:2      | Found a bloodstained altar of Trog.
  1986 | D:2      | Found a shadowy altar of Dithmenos.
  1997 | D:2      | Found a radiant altar of Vehumet.
  1999 | D:2      | Found an ornate altar of the Wu Jian Council.
  2378 | D:3      | Reached XP level 5. HP: 34/47 MP: 4/4
  2928 | D:3      | Slain by an orc wizard

Illustrated notes

Levels and vault maps discovered:
D:1:      dpeg_arrival_refuge, layout_loops_ring
D:2:      layout_loops_cross, grunt_temple_overflow_growth_and_decay,
          minitemple, uniq_jessica
D:3:      layout_basic, minmay_misc_feat_alley

Skill      XL: |  1  2  3 |
---------------+----------+-----
Fighting       | 4 |  4.8
Axes           | 4 |  4.7
Armour         | 3 |  3.9
Dodging        | 3 |  3.5

Action                   |  1- 3 |  4- 6 || total
-------------------------+-------+-------++-------
Melee: Hand axe          |    60 |    80 ||   140
       Headbutt          |     5 |     5 ||    10
Invok: Trog's Hand       |       |     3 ||     3
       Berserk           |       |     1 ||     1
Armor: Animal skin       |    20 |     7 ||    27
Dodge: Dodged            |    35 |    49 ||    84
